 Dungeon Crawl Stone Soup version 0.18-a0-1126-ga2d7f46 (webtiles) character file.

326 M4edhros the Sneak (level 6, -2/38 HPs)
             Began as an Octopode Artificer on Jan 20, 2016.
             Was an Initiate of Fedhas.
             Slain by Blork the orc
             ... wielding a +5 trident of freezing
              (5 damage)
             ... on level 4 of the Dungeon.
             The game lasted 00:03:46 (1917 turns).

M4edhros the Sneak (Octopode Artificer)             Turns: 1917, Time: 00:03:47

Health: -2/38      AC:  1    Str: 15    XL:     6   Next: 49%
Magic:  9/9        EV: 14    Int: 17    God:    Fedhas [......]
Gold:   65         SH:  0    Dex: 12    Spells: 0 memorised, 5 levels left

rFire  . . .     SeeInvis .     l - +2 dagger (venom)
rCold  . . .     Gourm    .     (no shield)
rNeg   . . .     Faith    .     (helmet restricted)
rPois  .         Spirit   .     q - amulet of regeneration
rElec  .         Dismiss  .     a - ring of stealth
rCorr  .         Reflect  .     (no ring)
SustAt .         Harm     .     (no ring)
MR     .....                    (no ring)
Stlth  +++++.....               (no ring)
                                (no ring)
                                (no ring)
                                (no ring)

@: mighty, flying (expiring), not resistant to hostile enchantments, quite
stealthy
A: almost no armour, amphibious, 8 rings, constrict 8, camouflage 1, gelatinous
body 1
a: Renounce Religion


You were on level 4 of the Dungeon.
You worshipped Fedhas.
Fedhas was noncommittal.
You were not hungry.

You visited 2 branches of the dungeon, and saw 7 of its levels.

You collected 65 gold pieces.

Inventory:

Hand Weapons
 l - a +2 dagger of venom (weapon)
Missiles
 g - 49 stones (quivered)
 s - 15 sling bullets
Jewellery
 a - a ring of stealth (left tentacle)
 q - an amulet of regeneration (around mantle)
Wands
 b - a wand of flame (7/48)
 c - a wand of enslavement (12/24)
 d - a wand of random effects (7/48)
Scrolls
 e - a scroll of fear {unknown}
 j - a scroll of magic mapping {unknown}
 n - 3 scrolls of blinking {unknown}
 o - a scroll of remove curse {unknown}
 p - a scroll of teleportation {unknown}
Books
 r - a book of Unlife

   Spells                             Type                      Level
   a - Recall                         Summoning/Translocation      3
   b - Animate Dead                   Necromancy                   4
   c - Control Undead                 Necromancy                   4
   d - Cigotuvi's Embrace             Necromancy                   5
   e - Death Channel                  Necromancy                   6
   f - Simulacrum                     Ice/Necromancy               6
Comestibles
 f - a bread ration
 m - 5 fruits
 t - a royal jelly


   Skills:
 - Level 1.0 Fighting
 - Level 1.0 Short Blades
 * Level 4.5 Dodging
 * Level 5.7 Stealth
 + Level 4.5 Evocations


You had 5 spell levels left.
You didn't know any spells.

Dungeon Overview and Level Annotations

Branches:
Dungeon (6/15)             Temple (1/1) D:5

Altars:
Ashenzari
Elyvilon
Fedhas
Kikubaaqudgha
Makhleb
Nemelex Xobeh
Pakellas
Ru
Sif Muna
Trog
Vehumet
Xom
Yredelemnul
Zin

Annotations:
D:4 Blork the orc; tasslehoff34's ghost, amateur HaHu
D:5 namelastname112's ghost, novice DrAr


Innate Abilities, Weirdness & Mutations

You cannot wear most types of armour.
You are amphibious.
You can wear up to eight rings at the same time.
You can use your tentacles to constrict eight enemies at once.
Your skin changes colour to match your surroundings (Stealth).
Your rubbery body absorbs attacks (AC +1).


Message History

Press: ? - help, Shift-Dir - straight line, f/p - Blork the orc
Aim: Blork the orc, wielding a trident of freezing, wearing a robe and carrying a wand of magic darts {zapped: 1} (fast) Blork the orc resists with significant effort.
This wand has 7 charges left.
Blork the orc gestures at you while chanting.
The puff of flame hits you!
* * * LOW HITPOINT WARNING * * *
Evoke which item? (* to show all) (? for menu, Esc to quit)
Zapping:
c - a wand of enslavement (13/24)
Press: ? - help, Shift-Dir - straight line, f/p - Blork the orc
Aim: Blork the orc, wielding a trident of freezing, wearing a robe and carrying a wand of magic darts {zapped: 1} (fast, chance to defeat MR: 55%) Blork the orc resists with significant effort.
This wand has 12 charges left.
Blork the orc gestures at you while chanting.
The puff of frost hits you!
* * * LOW HITPOINT WARNING * * *
Blork the orc hits you from afar with a trident of freezing.
You die...
Xom roars with laughter!
Fedhas appreciates your contribution to the ecosystem.

#.#.#.÷#.######.###.##.##
#.._.....................
..#.##.#>##########.##.##
#.#..#.#.# ####.##.##
#.##.#.#.#### #......... .
#.##.#.#....# #.##.##...
#...####.##.#.####.####.##.##.##
#.......).÷....................
#.#.####[##...o@...####.#####.#
#.####o###### #.# #.####.#######
#.# #............. ..#
######.####### ### #######.#
........# #######.# ###


You could see Blork the orc and an orc.

Vanquished Creatures
  A water moccasin (D:5)
  2 orc wizards (D:5)
  A hound (D:3)
  2 iguanas
  A worker ant (D:5)
  3 adders
  8 orcs
  5 goblins
  3 hobgoblins (D:2)
  2 bats (D:2)
  A giant newt (D:2)
  A jackal skeleton (D:5)
  7 kobolds
  3 rats
40 creatures vanquished.

Vanquished Creatures (collateral kills)
  An orc priest (D:5)
1 creature vanquished.

Vanquished Creatures (others)
  2 toadstools (D:4)
2 creatures vanquished.

Grand Total: 43 creatures vanquished

Notes
Turn   | Place    | Note
--------------------------------------------------------------
     0 | D:1      | M4edhros the Octopode Artificer began the quest for the Orb.
     0 | D:1      | Reached XP level 1. HP: 13/13 MP: 3/3
   102 | D:1      | Reached XP level 2. HP: 12/18 MP: 4/4
   391 | D:2      | Reached XP level 3. HP: 23/23 MP: 5/5
   527 | D:3      | Noticed a wasp
   527 | D:3      | an orc priest changed into a wasp
   528 | D:3      | a wasp changed into a hound
   532 | D:3      | Reached XP level 4. HP: 19/28 MP: 6/6
   912 | D:4      | Found a basalt altar of Yredelemnul.
   989 | D:4      | Found a shattered altar of Ashenzari.
   991 | D:4      | Noticed tasslehoff34's ghost (amateur HaHu)
   999 | D:5      | Entered Level 5 of the Dungeon
  1016 | D:5      | Noticed a water moccasin
  1025 | D:5      | Killed a water moccasin
  1025 | D:5      | Reached skill level 4 in Dodging
  1025 | D:5      | Reached XP level 5. HP: 7/33 MP: 6/8
  1260 | D:5      | Found a staircase to the Ecumenical Temple.
  1264 | D:5      | Reached skill level 5 in Stealth
  1271 | Temple   | Entered the Ecumenical Temple
  1440 | Temple   | Became a worshipper of Xom of Chaos
  1446 | Temple   | Fell from the grace of Xom
  1446 | Temple   | Became a worshipper of Fedhas Madash
  1577 | D:5      | Noticed namelastname112's ghost (novice DrAr)
  1737 | D:5      | Reached XP level 6. HP: 38/38 MP: 9/9
  1867 | D:4      | Noticed Blork the orc
  1884 | D:5      | Noticed a sky beast
  1886 | D:5      | Noticed a golden eye
  1886 | D:5      | a sky beast changed into a golden eye
  1917 | D:4      | Slain by Blork the orc

Vault maps used:
D:1:      dpeg_arrival_boxes_within_box
D:2:      guppyfry_early_lair_pool
D:3:      ecumenical_altar_1, first_bread, kennysheep_nub
D:4:      ashenzari_altar_1, overflow_temple_1_default, uniq_blork_the_orc,
          uniq_duvessa, uniq_menkaure
D:5:      lemuel_crystal_altar, minmay_temple_entry_statues_pillars
Temple:   dpeg_five_rooms_temple_12

Action                   |  1- 3 |  4- 6 || total
-------------------------+-------+-------++-------
Melee: Short sword       |    21 |       ||    21
       Dagger            |    11 |    41 ||    52
Evoke: Wand              |     2 |    17 ||    19
  Use: Potion            |       |     3 ||     3
 Stab: Sleeping          |     6 |     3 ||     9
  Eat: Meat ration       |       |     1 ||     1
